AoeStats
← Pororoca

Lombardia

508079825Analyzed
3v3 RM · 11d ago on Sep 20, 2026· 41m 43s· 6 players
Game mode
Random Map
Map size
Normal (6 player)
Population
200
Speed
Normal
Resources
Standard
Victory
Conquest
Starting age
Dark Age
Ending age
Imperial Age
RankedLock teamsTeams togetherTeam positionsShared explorationLock speedFull tech treeHidden civsTurbo modeCheats
Victory
Defeat
🇹🇷 Britons · Türkiye
1390
+13
🇦🇷 Hindustanis · Argentina
1324
+16
🇲🇽 Byzantines · Mexico
1273
+18
🇦🇷 Saracens · Argentina
1413
-19
🇦🇷 Magyars · Argentina
1309
-15
🇦🇷 Bulgarians · Argentina
1253
-13
Oveja de Batalla
9:53 Loom
11:40 Feudal Age
13:53 Double-Bit Axe
20:24 Castle Age
18:20 Horse Collar
19:43 Padded Archer Armor
20:28 Elite Skirmisher
25:28 Bow Saw
25:20 Heavy Plow
28:00 Pikeman
34:54 Imperial Age
33:00 Wheelbarrow
32:41 Gold Mining
32:53 Squires
32:55 Scale Mail Armor
33:06 Forging
32:46 Fletching
33:12 Leather Archer Armor
34:32 Chain Mail Armor
34:52 Bodkin Arrow
36:39 Chemistry
35:59 Ballistics
35:01 Halberdier
37:19 Plate Mail Armor
39:19 Two-Man Saw
39:11 Iron Casting
Pororoca
7:34 Loom
9:53 Feudal Age
11:09 Double-Bit Axe
15:05 Scale Barding Armor
19:15 Bloodlines
19:16 Forging
24:19 Castle Age
22:06 Horse Collar
25:59 Husbandry
26:23 Bow Saw
26:51 Wheelbarrow
26:55 Gold Mining
26:51 Town Watch
29:28 Chain Barding Armor
38:50 Iron Casting
40:59 Gold Shaft Mining
40:14 Stone Mining
40:42 Hand Cart
40:29 Town Patrol
43:43 Imperial Age
g_ermeric
7:33 Loom
9:36 Feudal Age
10:16 Double-Bit Axe
15:14 Fletching
18:46 Padded Archer Armor
25:35 Castle Age
25:42 Crossbowman
26:18 Bodkin Arrow
26:28 Horse Collar
29:21 Ballistics
33:02 Wheelbarrow
32:13 Town Watch
34:45 Gold Mining
35:05 Bow Saw
34:57 Heavy Plow
40:15 Imperial Age
40:19 Arbalester
41:02 Bracer
42:24 Chemistry
42:12 Conscription
[FeI] RiKun
6:03 Loom
8:31 Feudal Age
13:14 Fletching
18:32 Double-Bit Axe
23:16 Castle Age
23:20 Crossbowman
24:05 Bodkin Arrow
31:10 Wheelbarrow
31:41 Gold Mining
34:05 Padded Archer Armor
40:10 Imperial Age
38:48 Bow Saw
39:25 Leather Archer Armor
39:45 Ballistics
39:37 Thumb Ring
41:10 Bracer
42:18 Chemistry
42:29 Conscription
[FeI] F0rever
8:26 Loom
10:48 Feudal Age
14:21 Double-Bit Axe
18:35 Wheelbarrow
22:04 Castle Age
20:35 Scale Barding Armor
20:41 Forging
21:24 Bloodlines
21:00 Town Watch
21:10 Horse Collar
23:18 Town Watch
24:54 Husbandry
26:44 Iron Casting
30:48 Chain Barding Armor
34:04 Fletching
34:20 Stone Mining
34:21 Gold Mining
36:18 Ballistics
37:21 Hand Cart
41:01 Imperial Age
40:06 Town Patrol
[Ks]LucasDK
6:44 Loom
9:28 Feudal Age
12:01 Horse Collar
13:29 Double-Bit Axe
17:12 Scale Barding Armor
19:32 Wheelbarrow
22:25 Castle Age
20:24 Gold Mining
21:44 Bloodlines
23:18 Heavy Plow
25:24 Husbandry
26:14 Chain Barding Armor
27:51 Fletching
28:02 Padded Archer Armor
28:21 Bow Saw
29:11 Bodkin Arrow
29:31 Leather Archer Armor
41:01 Imperial Age
41:15 Ballistics
Connection lost

Rejoining the realm…

Still unreachable

The connection could not be restored.

Session expired

The server has moved on; the page needs a fresh start.